Map: Divergence LE

Players

Massa

  • Race: Terran Terran
  • League: Gold
  • Spawn Location: 5:00

qqq

  • Race: Zerg Zerg
  • Spawn Location: 5:00

Lancelot - Winner!

  • Race: Protoss Protoss
  • Spawn Location: 11:00

Osendi - Winner!

  • Race: Protoss Protoss
  • League: Diamond
  • Spawn Location: 11:00

VOD

Have the link to the VOD?

Description

Time

  • Played on: July 2, 2020, 7:37 a.m.
  • Length: 12:34
Show
View Real Time Build Order
Export as new Build Order

Massa Terran 

Build Orders:  

Get SALT Encoding   

  12  0:03  SCV  
  13  0:13  Supply Depot  
  13  0:18  SCV  
  14  0:30  SCV  
  15  0:37  Barracks  
  15  0:42  SCV  
  16  0:54  SCV  
  17  1:06  SCV  
  18  1:22  Refinery  
  18  1:25  Marine  
  19  1:42  Marine  
  20  1:47  SCV  
  21  1:59  SCV  
  21  2:00  Marine  
  23  2:02  Supply Depot  
  22  2:17  Orbital Command  
  22  2:18  Marine  
  23  2:32  Barracks  
  23  2:36  Barracks  
  23  2:41  Barracks  
  23  2:55  Marine  
  24  3:13  Marine  
  24  3:16  SCV  
  26  3:20  Marine  
  27  3:28  SCV, Marine x2  
  27  3:30  Marine  
  31  3:35  Supply Depot  
  31  3:38  Supply Depot  
  31  3:41  Supply Depot  
  31  3:56  Marine x4  
  35  4:13  Command Center  
  35  4:14  Marine x2  
  35  4:15  Marine  
  35  4:16  Engineering Bay  
  38  4:17  Marine  
  39  4:32  SCV, Marine x2  
  39  4:35  Barracks Tech Lab  
  39  4:37  Marine  
  43  4:44  Terran Infantry Weapons Level 1  
  43  4:50  Marine x2, Supply Depot  
  45  4:54  Marine  
  46  5:17  Missile Turret x2  
  46  5:32  Factory  
  46  5:36  SCV x2  
  46  5:40  Missile Turret x2  
  48  5:45  Missile Turret  
  48  5:48  SCV  
  48  5:49  SCV  
  50  5:51  Missile Turret  
  50  5:57  Missile Turret  
  50  6:01  SCV  
  51  6:05  Missile Turret  
  51  6:06  Missile Turret  
  51  6:11  Orbital Command  
  51  6:13  SCV  
  52  6:20  Starport  
  52  6:24  Widow Mine  
  54  6:30  Stimpack  
  54  6:36  Refinery  
  54  6:45  Widow Mine  
  54  6:46  SCV x2  
  58  6:58  SCV x2  
  58  6:59  Missile Turret  
  60  7:24  Marauder  
  60  7:26  Command Center  
  60  7:27  Barracks Reactor  
  60  7:28  Marine x2  
  64  7:30  Starport Reactor  
  64  7:36  Terran Infantry Armor Level 1  
  64  7:46  Marauder  
  66  7:54  Widow Mine  
  68  8:02  Starport  
  68  8:07  Marauder  
  68  8:09  Combat Shield  
  68  8:10  Viking  
  72  8:15  Widow Mine  
  72  8:18  Refinery  
  72  8:19  SCV x2  
  76  8:20  Refinery  
  75  8:29  Marauder  
  75  8:31  SCV  
  78  8:38  Widow Mine, Viking  
  82  8:45  SCV x2  
  82  8:46  SCV  
  85  8:50  Marauder  
  87  8:57  SCV  
  87  8:58  SCV x2  
  87  9:01  Supply Depot  
  90  9:05  Widow Mine  
  90  9:09  SCV  
  93  9:22  SCV x2  
  93  9:23  Supply Depot  
  95  9:26  Widow Mine  
  95  9:30  Starport Reactor, Viking x2  
  101  9:43  Missile Turret  
  101  9:45  Marine x5  
  106  9:46  Missile Turret  
  106  9:47  Widow Mine, Supply Depot  
  95  10:00  Viking x2  
  95  10:03  Marine x5  
  106  10:20  Marine x5  
  111  10:22  Factory Tech Lab  
  95  10:38  Marine x2  
  89  10:51  Viking x4  
  73  11:12  Armory  
  73  11:17  Factory  
  68  11:21  Viking x3  
  67  11:34  Viking  
  67  11:40  SCV  
  58  11:50  Marine x2  
  58  11:51  Viking  
  58  11:52  SCV, Missile Turret  
  58  11:54  Missile Turret  
  58  11:55  Missile Turret  
  58  11:56  Missile Turret  
  50  12:01  Missile Turret  
  50  12:03  Missile Turret  
  50  12:04  SCV  
  50  12:05  Missile Turret  
  50  12:07  Marine  
  46  12:12  Missile Turret  
  42  12:16  SCV  
  40  12:23  Missile Turret  
Show
View Real Time Build Order
Export as new Build Order

qqq Zerg 

Build Orders: Hatch First 

Get SALT Encoding   

  12  0:03  Drone  
  13  0:35  Hatchery  
  12  0:43  Drone x2  
  12  0:47  Overlord  
  14  1:10  Spawning Pool  
  13  1:21  Extractor  
  12  1:28  Drone  
  12  1:30  Drone x2  
  15  2:10  Zergling x2  
  15  2:11  Zergling x2  
  15  2:12  Drone  
  15  2:14  Drone x2  
  15  2:15  Drone  
  21  2:26  Metabolic Boost  
  21  2:27  Drone  
  22  2:30  Drone  
  23  2:40  Drone  
  24  2:44  Queen  
  24  2:48  Drone  
  24  2:50  Drone  
  28  3:22  Overlord  
  28  3:23  Overlord  
  28  3:34  Overlord  
  28  3:45  Zergling x6  
  31  3:51  Drone  
  31  3:52  Drone x2  
  31  3:55  Hatchery  
  33  3:59  Zergling x8  
  33  4:01  Lair  
  37  4:04  Drone  
  37  4:09  Queen  
  40  4:23  Zergling x2  
  42  4:24  Zergling x4  
  43  4:35  Drone  
  43  4:36  Zergling x2  
  43  4:37  Zergling x6  
  48  4:49  Zergling x2  
  48  4:51  Drone  
  48  5:07  Drone x3  
  51  5:17  Spire  
  51  5:18  Extractor, Drone x4  
  51  5:20  Drone  
  54  5:24  Drone  
  54  5:25  Queen  
  54  5:27  Spore Crawler  
  56  5:29  Spore Crawler  
  56  5:32  Spore Crawler  
  54  5:38  Drone  
  55  5:43  Drone  
  55  5:44  Drone  
  57  5:51  Overlord  
  57  5:52  Overlord x3  
  57  5:53  Overlord  
  57  6:02  Hatchery  
  56  6:07  Drone, Spore Crawler  
  56  6:08  Drone  
  56  6:09  Spore Crawler  
  56  6:11  Drone, Spore Crawler  
  55  6:12  Drone x2  
  55  6:14  Drone  
  55  6:16  Drone  
  60  6:20  Drone  
  60  6:22  Drone  
  62  6:31  Corruptor  
  62  6:32  Corruptor  
  66  6:46  Drone x5  
  66  6:47  Drone x4  
  73  6:51  Corruptor  
  77  6:54  Corruptor  
  79  7:03  Hydralisk Den  
  79  7:06  Extractor  
  79  7:07  Extractor  
  76  7:11  Drone x4  
  80  7:32  Drone x4  
  80  7:33  Drone  
  80  7:34  Corruptor x3  
  80  7:36  Hydralisk  
  93  7:37  Hydralisk  
  93  7:42  Hydralisk  
  97  7:52  Zerg Flyer Weapons Level 1  
  97  7:59  Drone x2  
  97  8:00  Drone x4  
  97  8:02  Spore Crawler  
  97  8:03  Spore Crawler  
  101  8:05  Extractor  
  101  8:06  Drone x2  
  101  8:07  Extractor  
  101  8:11  Drone  
  102  8:16  Overseer  
  102  8:18  Overseer  
  102  8:20  Pneumatized Carapace  
  102  8:28  Overlord x8  
  102  8:29  Overlord  
  102  8:30  Drone  
  103  8:36  Spore Crawler x2  
  103  8:37  Spore Crawler  
  103  8:38  Drone x2, Spore Crawler  
  103  8:40  Drone x2  
  103  8:50  Drone x2  
  105  8:57  Corruptor x4  
  105  8:59  Drone x3  
  116  9:12  Drone  
  116  9:13  Drone, Spore Crawler  
  116  9:14  Drone  
  106  9:31  Hydralisk x3  
  106  9:32  Hydralisk x3  
  106  9:34  Drone x3  
  106  9:37  Spore Crawler  
  113  9:39  Spore Crawler x2  
  113  9:40  Drone, Spore Crawler x2  
  113  9:42  Spore Crawler  
  113  9:44  Corruptor x2  
  97  9:46  Zerg Flyer Armor Level 1  
  97  9:47  Drone x2  
  99  10:12  Corruptor x4  
  91  10:17  Hydralisk x2  
  88  10:44  Hatchery  
  88  10:45  Corruptor x3  
  67  11:08  Corruptor x2  
  67  11:09  Hydralisk x3, Corruptor  
  79  11:18  Hatchery  
  76  11:38  Corruptor x2  
  69  11:45  Corruptor  
  65  12:01  Hydralisk  
  64  12:03  Drone  
  64  12:08  Extractor  
  66  12:09  Extractor  
Show
View Real Time Build Order
Export as new Build Order

Lancelot Protoss - Winner!

Build Orders: Carriers 

Get SALT Encoding   

  1  0:00  Probe  
  12  0:05  Probe  
  14  0:15  Probe  
  15  0:58  Pylon  
  15  1:09  Nexus  
  15  1:16  Probe  
  16  1:24  Gateway  
  16  1:26  Forge  
  16  1:28  Probe  
  17  1:36  Assimilator  
  17  1:38  Probe  
  17  1:42  Assimilator  
  17  1:46  Probe  
  19  1:54  Probe  
  20  2:06  Probe  
  21  2:09  Photon Cannon  
  21  2:14  Cybernetics Core  
  21  2:18  Probe  
  22  2:28  Probe  
  23  2:30  Probe  
  24  2:40  Probe  
  25  2:46  Probe  
  26  2:53  Probe  
  27  3:01  Probe  
  28  3:11  Probe  
  28  3:12  Photon Cannon  
  28  3:13  Shield Battery  
  28  3:17  Pylon  
  29  3:20  Shield Battery  
  29  3:22  Stargate  
  29  3:24  Stargate  
  29  3:40  Nexus  
  29  3:41  Probe  
  29  3:44  Probe, Assimilator  
  29  3:46  Assimilator  
  31  3:49  Probe  
  31  3:52  Probe  
  32  4:02  Photon Cannon  
  33  4:10  Fleet Beacon  
  33  4:16  Pylon  
  33  4:20  Photon Cannon  
  33  4:25  Probe  
  34  4:33  Probe  
  34  4:34  Probe  
  36  4:43  Probe, Stargate  
  37  4:46  Probe, Stargate  
  37  4:51  Probe  
  38  4:55  Probe  
  38  4:58  Probe  
  38  4:59  Probe  
  41  5:03  Carrier  
  42  5:11  Shield Battery  
  42  5:12  Photon Cannon  
  42  5:19  Photon Cannon  
  42  5:20  Pylon  
  42  5:21  Shield Battery  
  48  5:30  Probe  
  49  5:37  Probe  
  49  5:42  Probe  
  51  5:45  Probe  
  52  5:51  Carrier  
  52  5:53  Probe  
  59  5:57  Probe  
  59  5:59  Protoss Air Weapons Level 1  
  59  6:00  Assimilator  
  60  6:04  Probe, Assimilator  
  60  6:09  Probe  
  62  6:16  Probe  
  63  6:21  Probe  
  63  6:24  Carrier  
  70  6:29  Probe  
  71  6:33  Probe  
  71  6:37  Probe  
  72  6:45  Probe  
  72  6:47  Probe  
  74  6:53  Protoss Shields Level 1  
  75  6:57  Probe  
  75  6:59  Probe  
  75  7:00  Pylon  
  77  7:02  Pylon  
  77  7:04  Pylon  
  77  7:08  Pylon  
  77  7:18  Probe, Carrier  
  77  7:20  Carrier  
  90  7:24  Stargate  
  90  7:27  Pylon  
  90  7:30  Probe  
  91  7:43  Zealot  
  93  7:52  Twilight Council, Protoss Air Weapons Level 2  
  93  7:57  Carrier  
  99  8:10  Zealot  
  101  8:13  Carrier  
  105  8:29  Carrier  
  111  8:37  Zealot  
  111  8:40  Pylon  
  113  8:42  Pylon  
  113  8:45  Pylon  
  113  8:52  Shield Battery  
  113  8:53  Shield Battery  
  113  8:55  Shield Battery  
  113  8:58  Carrier  
  113  9:01  Shield Battery  
  119  9:02  Shield Battery  
  97  9:54  Carrier x3  
  115  10:27  Carrier  
  99  10:58  Carrier  
Show
View Real Time Build Order
Export as new Build Order

Osendi Protoss - Winner!

Build Orders:  

Get SALT Encoding   

  1  0:00  Probe  
  13  0:07  Probe  
  14  0:15  Probe  
  15  0:28  Pylon  
  15  0:46  Probe  
  15  0:47  Pylon  
  16  0:58  Probe  
  17  1:05  Assimilator  
  17  1:15  Assimilator  
  17  1:33  Pylon, Forge  
  17  1:35  Gateway  
  17  1:54  Pylon  
  17  2:03  Pylon  
  16  2:18  Photon Cannon  
  16  2:22  Photon Cannon  
  16  2:25  Photon Cannon  
  16  2:27  Probe  
  16  2:28  Cybernetics Core  
  16  2:35  Probe  
  17  2:43  Assimilator  
  18  2:45  Probe  
  18  2:47  Assimilator  
  19  3:08  Probe  
  20  3:16  Probe  
  20  3:26  Probe  
  22  3:35  Probe  
  22  3:37  Assimilator  
  22  3:40  Assimilator  
  23  3:49  Pylon  
  23  3:54  Pylon  
  23  4:07  Probe  
  23  4:09  Nexus  
  24  4:15  Probe  
  24  4:23  Probe  
  25  4:26  Protoss Shields Level 1  
  25  4:29  Protoss Air Weapons Level 1  
  26  4:33  Probe  
  26  4:37  Stargate  
  27  4:45  Probe  
  28  4:58  Probe  
  29  5:00  Pylon  
  29  5:04  Pylon  
  29  5:08  Pylon  
  29  5:10  Probe  
  30  5:21  Probe  
  30  5:22  Probe  
  32  5:30  Probe  
  32  5:31  Photon Cannon  
  33  5:35  Photon Cannon  
  33  5:39  Probe  
  34  5:46  Probe  
  35  5:52  Probe  
  36  5:57  Void Ray  
  36  5:58  Probe  
  36  6:04  Probe  
  42  6:05  Photon Cannon  
  42  6:10  Probe  
  43  6:13  Photon Cannon  
  43  6:16  Probe  
  44  6:21  Pylon  
  44  6:27  Protoss Air Armor Level 1  
  44  6:30  Stargate  
  44  6:33  Stargate  
  44  6:35  Void Ray  
  44  6:41  Pylon  
  48  7:02  Fleet Beacon  
  48  7:14  Void Ray  
  52  7:16  Void Ray x2  
  60  7:35  Flux Vanes  
  60  7:57  Void Ray x2  
  64  7:59  Void Ray  
  72  8:22  Protoss Air Weapons Level 2  
  72  8:38  Void Ray  
  72  8:41  Void Ray  
  72  10:09  Void Ray  
  72  10:11  Void Ray  
  72  10:12  Void Ray  
  84  10:52  Void Ray x2  
  84  10:55  Void Ray  
  84  11:45  Void Ray  
  84  11:46  Void Ray  
Tags
 
Add a new tag
Caveats
  • Supply blocks, unpowered buildings, or Contaminate may cause inaccurate times.
  • Supply counts are checked every 10 seconds.